 Dungeon Crawl Stone Soup version 0.29.0-4-gdea44cf6ec (webtiles) character file.

Game seed: 18214049498184540829

4 qw the Caller (level 1, 0/14 HPs)
             Began as a Ghoul Summoner on Sept 10, 2022.
             Slain by an endoplasm (1 damage)
             ... on level 1 of the Dungeon.
             The game lasted 00:00:07 (342 turns).

qw the Caller (Ghoul Summoner)                       Turns: 342, Time: 00:00:08

Health: 0/14       AC:  2    Str: 11    XL:     1   Next: 70%
Magic:  0/2        EV: 12    Int: 10    God:
Gold:   22         SH:  0    Dex:  9    Spells: 2/3 levels left

rFire   . . .      SeeInvis .   d - +0 long sword
rCold   + . .      Faith    .   (no shield)
rNeg    + + +      Spirit   .   a - +0 robe
rPois   inf        Reflect  .   (no helmet)
rElec   .          Harm     .   (no cloak)
rCorr   .          Rampage  .   (no gloves)
Will    .....                   (no boots)
Stlth   ++........              (no amulet)
HPRegen 0.00/turn               (no ring)
MPRegen 0.08/turn               (no ring)

@: inhibited regen
A: claws 1, cold resistance 1, negative energy resistance 3, inhibited
regeneration, torment resistance 2, devour on kill
a: no special abilities


You were on level 1 of the Dungeon.
You visited 1 branch of the dungeon, and saw 1 of its levels.

You collected 22 gold pieces.


Innate Abilities, Weirdness & Mutations

You are immune to poison.
You have sharp fingernails.
Your flesh is cold resistant. (rC+)
You are immune to negative energy. (rN+++)
You do not regenerate when monsters are visible.
You are immune to unholy pain and torment.
You thrive by killing the living.


   Skills:
 + Level 0.0 Fighting
 - Level 1.0 Axes
 - Level 1.7 Dodging
 - Level 2.1 Stealth
 - Level 1.7 Spellcasting
 - Level 3.6 Summonings


You had 2 spell levels left.
You knew the following spells:

 Your Spells              Type           Power      Damage    Failure   Level
a - Summon Small Mammal   Summ           32%        N/A       8%          1

Your spell library contained the following spells:

 Spells                   Type           Power      Damage    Failure   Level
 Call Imp                 Summ           8%         N/A       11%         2
 Call Canine Familiar     Summ           8%         N/A       22%         3
 Summon Guardian Golem    Hex/Summ       4%         N/A       43%         3
 Summon Lightning Spire   Summ/Air       4%         N/A       83%         4

Inventory:

Hand Weapons
 d - a +0 long sword (weapon)
Armour
 a - a +0 robe (worn)
Scrolls
 c - a scroll of teleportation {unknown}
Potions
 b - a potion of magic

Dungeon Overview and Level Annotations

Branches:
Dungeon (1/15)

Altars:


Message History

324 ||| CASTING Summon Small Mammal
Casting: Summon Small Mammal (safe; 8% risk of failure)
Confirm with . or Enter, or press ? or * to list all spells.
325 ||| CASTING Summon Small Mammal
Casting: Summon Small Mammal (safe; 8% risk of failure)
Confirm with . or Enter, or press ? or * to list all spells.
Your bat closely misses the hobgoblin.
The hobgoblin closely misses your bat.
Your bat barely misses the hobgoblin.
Your bat closely misses the hobgoblin.
Your bat hits the hobgoblin but does no damage.
The hobgoblin barely misses your bat.
Your bat closely misses the hobgoblin.
The hobgoblin hits your bat.
Your bat dies!
Your bat's corpse disappears in a puff of smoke!
The hobgoblin hits your rat.
Your rat dies!
Your rat's corpse disappears in a puff of smoke!
Found a scroll labelled IBBOULIESH and a short sword.
An endoplasm comes into view.
Found 2 amethyst potions.
You barely miss the hobgoblin.
The endoplasm quivers.
The hobgoblin closely misses you. The hobgoblin misses you.
337 ||| CASTING Summon Small Mammal
Casting: Summon Small Mammal (safe; 8% risk of failure)
Confirm with . or Enter, or press ? or * to list all spells.
The hobgoblin hits you.
338 ||| Stepping ~*~*~tactically~*~*~ (outnumbered).
339 ||| Stepping ~*~*~tactically~*~*~ (outnumbered).
The endoplasm attacks as you move away! The endoplasm hits you.
The hobgoblin attacks as you move away! The hobgoblin hits you.
Your rat barely misses the hobgoblin.
340 ||| Stepping ~*~*~tactically~*~*~ (outnumbered).
The hobgoblin attacks as you move away! The hobgoblin hits you.
The endoplasm attacks as you move away! The endoplasm misses you.
Your rat bites the endoplasm but does no damage.
341 ||| Stepping ~*~*~tactically~*~*~ (outnumbered).
342 ||| Stepping ~*~*~tactically~*~*~ (outnumbered).
The endoplasm attacks as you move away! The endoplasm hits you.
You die...

######### .......#.#######
.......#.......
....(..#......#
.......#......#
.......#......#
.......#....%.#########
.......##.......@J....###...
.......###.#.....gr.........
.#'###.# #.#.###....#..##.##
.#.# #.# #%#.# #....#.#.#
##.# #.# #.#.# ######.# .?
...# #.###.#.# .. #)# ####
#.....#.# .# # #######.# !#
..# ..


You could see an endoplasm, a hobgoblin (ally target) and a friendly rat
(summoned).

Vanquished Creatures (collateral kills)
  A hobgoblin (D:1)
  A quokka (D:1)
  A bat (D:1)
  2 rats (D:1)
5 creatures vanquished.

Notes
Turn   | Place    | Note
-------+----------+-------------------------------------------
     0 | D:1      | qw the Ghoul Summoner began the quest for the Orb.
     0 | D:1      | Reached XP level 1. HP: 14/14 MP: 2/2
     0 | D:1      | 0 ||| qw: Version: 0.1-a-116-g5d60599
     0 | D:1      | 0 ||| qw: Game counter: 7539
     0 | D:1      | 0 ||| qw: Always use a shield: true
     0 | D:1      | 0 ||| qw: God list: Okawaru
     0 | D:1      | 0 ||| qw: Allow faded altars: false
     0 | D:1      | 0 ||| qw: Do Orc after D:15 true
     0 | D:1      | 0 ||| qw: Do second Lair branch before Depths: true
     0 | D:1      | 0 ||| qw: Lair rune preference: random
     0 | D:1      | 0 ||| qw: Plans: Normal
     0 | D:1      | 0 ||| PLANNING D:1-11
    42 | D:1      | 42 ||| CASTING Summon Small Mammal
    43 | D:1      | 43 ||| CASTING Summon Small Mammal
    81 | D:1      | 81 ||| CASTING Summon Small Mammal
    82 | D:1      | 82 ||| CASTING Summon Small Mammal
   110 | D:1      | 110 ||| Wielding weapon +0 long sword.
   113 | D:1      | 113 ||| CASTING Summon Small Mammal
   114 | D:1      | 114 ||| CASTING Summon Small Mammal
   170 | D:1      | 170 ||| CASTING Summon Small Mammal
   171 | D:1      | 171 ||| CASTING Summon Small Mammal
   190 | D:1      | 190 ||| CASTING Summon Small Mammal
   215 | D:1      | 215 ||| CASTING Summon Small Mammal
   216 | D:1      | 216 ||| CASTING Summon Small Mammal
   226 | D:1      | Reached skill level 1 in Axes
   324 | D:1      | 324 ||| CASTING Summon Small Mammal
   325 | D:1      | 325 ||| CASTING Summon Small Mammal
   337 | D:1      | 337 ||| CASTING Summon Small Mammal
   338 | D:1      | 338 ||| Stepping ~*~*~tactically~*~*~ (outnumbered).
   339 | D:1      | 339 ||| Stepping ~*~*~tactically~*~*~ (outnumbered).
   340 | D:1      | 340 ||| Stepping ~*~*~tactically~*~*~ (outnumbered).
   340 | D:1      | HP: 1/14 [hobgoblin (5)]
   341 | D:1      | 341 ||| Stepping ~*~*~tactically~*~*~ (outnumbered).
   342 | D:1      | 342 ||| Stepping ~*~*~tactically~*~*~ (outnumbered).
   342 | D:1      | Slain by an endoplasm

Levels and vault maps discovered:
D:1:      scummos_arrival_simple_fountains, layout_basic, serial_aquarium,
          aquarium_bridge_square [aquarium_subvault_bridge,
          aquarium_subvault_bridge, aquarium_subvault_wall,
          aquarium_subvault_window], aquarium_window_fake,
          aquarium_window_corridor_1, aquarium_window_fake,
          aquarium_window_corner, aquarium_view_2d, aquarium_balcony_3a,
          minmay_heptomino_d4

Skill      XL: |  1 |
---------------+----+-----
Axes           | 1 |  1.0
Dodging        | |  1.7
Stealth        | |  2.1
Spellcasting   | |  1.7
Summonings     | |  3.6

Action                   || total
-------------------------++-------
Melee: Long sword        ||     2
 Cast: Summon Small Mamm ||    12
Dodge: Dodged            ||     3

Table legend:
 A = Non-vault XP
 B = Vault XP
 C = Vault XP percentage of total XP
 D = Non-vault monster count
 E = Vault monster count
 F = Vault count percentage of total count
                 A         B        C        D         E       F
            +---------+---------+-------+---------+---------+-------
      Total |       7 |       0 |   0.0 |       5 |       0 |   0.0
            +---------+---------+-------+---------+---------+-------
        D:1 |       7 |       0 |   0.0 |       5 |       0 |   0.0
            +---------+---------+-------+---------+---------+-------
